 Dungeon Crawl Stone Soup version 0.17-a0-2024-gc284f19 (webtiles) character file.

40 Ghalim the Conjurer (level 3, -1/27 HPs)
             Began as a Human Conjurer on Oct 10, 2015.
             Slain by a jackal (2 damage)
             ... on level 2 of the Dungeon.
             The game lasted 00:05:42 (1930 turns).

Ghalim the Conjurer (Human Conjurer)                Turns: 1930, Time: 00:05:42

Health: -1/27      AC:  2    Str:  9    XL:     3   Next: 72%
Magic:  5/6        EV: 12    Int: 15    God:
Gold:   54         SH:  0    Dex: 13    Spells: 1 memorised, 5 levels left

rFire  . . .     SeeInvis .     j - +0 club
rCold  . . .     Clarity  .     a - +0 robe
rNeg   . . .     SustAt   .     (no shield)
rPois  .         Gourm    .     (no helmet)
rElec  .         Spirit   .     (no cloak)
rCorr  .         Warding  .     (no gloves)
rMut   .         Stasis   .     (no boots)
MR     .....                    (no amulet)
Stlth  ++........               (no ring)
                                (no ring)

@: not resistant to hostile enchantments, unstealthy
A: no striking features
a: no special abilities


You were on level 2 of the Dungeon.
You were hungry.

You visited 1 branch of the dungeon, and saw 2 of its levels.

You collected 54 gold pieces.

Inventory:

Hand Weapons
 j - a +0 club (weapon)
Armour
 a - a +0 robe (worn)
 e - a +0 scale mail
 m - a +0 cloak
 n - a +0 pair of gloves
Jewellery
 g - a cursed ring of loudness {unknown}
Scrolls
 f - a scroll of random uselessness {unknown}
 i - 2 scrolls of amnesia {unknown}
 k - 2 scrolls of identify {unknown}
 o - a scroll of teleportation {unknown}
Potions
 d - 2 potions of cure mutation {unknown}
 l - a potion of heal wounds {unknown}
Books
 b - a book of Conjurations

   Spells                             Type                      Level
   a - Magic Dart                     Conjuration                  1
   b - Searing Ray                    Conjuration                  2
   c - Dazzling Spray                 Conjuration/Hexes            3
   d - Fulminant Prism                Conjuration/Hexes            4
   e - Iskenderun's Mystic Blast      Conjuration                  4
   f - Iskenderun's Battlesphere      Conjuration/Charms           5
Comestibles
 c - 2 bread rations
 h - a meat ration


   Skills:
 + Level 2.2 Fighting
 * Level 1.8 Maces & Flails
 - Level 2.0 Dodging
 - Level 2.0 Stealth
 - Level 2.0 Spellcasting
 - Level 4.0 Conjurations


You had 5 spell levels left.
You knew the following spells:

 Your Spells              Type           Power        Failure   Level  Hunger
a - Magic Dart            Conj           ##..         4%          1    #......


Dungeon Overview and Level Annotations

Branches:
Dungeon (2/15)

Altars:
Ashenzari


Message History

You are feeling hungry.
You hit the jackal.
The jackal is severely wounded.
The jackal barely misses you. The jackal bites you.
* * * LOW HITPOINT WARNING * * *
You hit the jackal but do no damage.
The jackal is severely wounded.
The jackal bites you.
* * * LOW HITPOINT WARNING * * *
The jackal barely misses you.
You barely miss the jackal.
The jackal is severely wounded.
The jackal bites you.
* * * LOW HITPOINT WARNING * * *
You closely miss the jackal.
The jackal is severely wounded.
The jackal bites you.
* * * LOW HITPOINT WARNING * * *
The jackal bites you.
You die...

###.$)....#h###..
..........#...#.##
..'..._...h...#..#
#.......#...#..# $.
##.......##.##.)# ..
#.........#.....##.#
#⌠.#.+.#.⌠#......#.#.
..#
#.?gh###......#.#.# .
#...#@........#.#.#
#.g....#..######...#.#
#...####.## ##..#.####
#..g ...# #..#....#
#..# #### ##.#..# ...
#....# ## ###...##
#.....# #.##..##++


You could see a jackal and a goblin.

Vanquished Creatures
  A giant gecko (D:1)
  A ball python (D:1)
  2 bats (D:1)
  A giant cockroach (D:1)
  6 goblins
  5 hobgoblins (D:1)
  8 jackals
  2 giant newts (D:1)
  4 kobolds
  5 rats
35 creatures vanquished.

Vanquished Creatures (others)
  A goblin (D:1)
  A hobgoblin (D:1)
  A jackal (D:1)
  A kobold (D:1)
  A giant newt (D:1)
5 creatures vanquished.

Grand Total: 40 creatures vanquished

Notes
Turn   | Place    | Note
--------------------------------------------------------------
     0 | D:1      | Ghalim the Human Conjurer began the quest for the Orb.
     0 | D:1      | Reached XP level 1. HP: 13/13 MP: 3/3
   204 | D:1      | Reached skill level 1 in Fighting
   286 | D:1      | Reached XP level 2. HP: 21/21 MP: 0/5
   797 | D:1      | Reached XP level 3. HP: 20/27 MP: 2/6
  1001 | D:1      | Reached skill level 1 in Maces & Flails
  1885 | D:2      | Found a shattered altar of Ashenzari.
  1930 | D:2      | HP: 1/27 [jackal (3)]
  1930 | D:2      | Slain by a jackal

Vault maps used:
D:1:      lightli_arrival_flooded_house, lemuel_old_faithful
D:2:      grunt_qazlal_sundering, tso_altar, first_bread,
          evilmike_ruin_ashenzari

Action                   || total
-------------------------++-------
Melee: Unarmed           ||    47
       Club              ||    41
 Cast: Magic Dart        ||    63
 Stab: Sleeping          ||     1
  Eat: Chunk             ||     4
